 Dungeon Crawl Stone Soup version 0.19-a0-27-g415f530 (webtiles) character file.

151 Ratboiler the Cutter (level 5, -1/43 HPs)
             Began as a Kobold Wanderer on May 1, 2016.
             Slain by a gnoll
             ... wielding a +0 spear
              (10 damage)
             ... on level 3 of the Dungeon.
             The game lasted 00:06:33 (2964 turns).

Ratboiler the Cutter (Kobold Wanderer)              Turns: 2964, Time: 00:06:34

Health: -1/43      AC:  5    Str: 14    XL:     5   Next: 60%
Magic:  5/5        EV: 12    Int: 11    God:
Gold:   189        SH:  0    Dex: 17    Spells: 0 memorised, 4 levels left

rFire  . . .     SeeInvis .     a - +0 short sword
rCold  . . .     Gourm    .     m - +0 ring mail
rNeg   . . .     Faith    .     (shield restricted)
rPois  .         Spirit   .     (no helmet)
rElec  .         Dismiss  .     (no cloak)
rCorr  .         Reflect  .     (no gloves)
SustAt .         Harm     .     (no boots)
MR     .....                    (no amulet)
Stlth  ..........               (no ring)
                                (no ring)

@: berserking, drained, very quick, not resistant to hostile enchantments,
extremely unstealthy
A: carnivore 3
a: no special abilities


You were on level 3 of the Dungeon.
You were completely stuffed.

You visited 1 branch of the dungeon, and saw 4 of its levels.

You collected 189 gold pieces.

Inventory:

Hand Weapons
 a - a +0 short sword (weapon)
 b - a +0 blowgun
 e - a +0 dagger
 h - a +2 spear
Missiles
 t - 29 poisoned needles
Armour
 d - a +0 robe
 m - a +0 ring mail (worn)
Jewellery
 j - an uncursed amulet of harm
 n - an uncursed ring of fire
Scrolls
 r - 2 scrolls of recharging {unknown}
 s - a scroll of immolation {unknown}
 u - 2 scrolls of enchant armour {unknown}
 v - a scroll of teleportation
 w - a scroll of noise {unknown}
 x - a scroll of random uselessness {unknown}
Potions
 c - a potion of curing
 g - 2 potions of lignification
 i - 3 potions of flight
 k - a potion of berserk rage
 l - a potion of cancellation
 p - a potion of haste {unknown}
 q - a potion of ambrosia {unknown}
Comestibles
 f - a meat ration


   Skills:
 - Level 1.1(1.0) Fighting
 + Level 6.5(6.4) Short Blades
 - Level 2.4(2.3) Polearms
 - Level 5.5(5.4) Stealth
   Level 1.2(1.1) Evocations


You had 4 spell levels left.
You didn't know any spells.

Dungeon Overview and Level Annotations

Branches:
Dungeon (4/15)
 Temple: D:4-7

Altars:
Cheibriados
Elyvilon
Nemelex Xobeh
Pakellas

Annotations:
D:3 1 exclusion


Innate Abilities, Weirdness & Mutations

You are small and have problems with some larger weapons.
You are carnivorous and can eat meat at any time.


Message History

You miss the phantom.
The phantom is heavily damaged.
The phantom blinks!
The phantom blinks!
All of the chunks of flesh in your inventory have rotted away.
You feel less woody.
Your +0 ring mail unmelds from your body.
Read which item? (? for menu, Esc to quit)
As you read the scroll of teleportation, it crumbles to dust.
You feel strangely unstable.
The phantom blinks!
Your surroundings suddenly seem different.
Drink which item? (? for menu, Esc to quit)
Okay, then.
Drink which item? (? for menu, Esc to quit)
A red film seems to cover your vision as you go berserk!
You feel yourself moving faster!
You feel mighty!
The gnoll shouts!
The gnoll hits you with a spear!
You die...

#.#.....................# #.#
##.#.#.#################.# #.#
.............###########.######.#
###............#............##.#)
# #..####...##...##..###......###
###..# #..####.####...####.##.#.
.....# #.##..#'#..##.....รท.###.#
####.## #.##.......##.####### #.#
###...###..##.._@.##..# #.#
............##.g.##..## #.#
###.<.#####..##.##..## #.. ##.##
##..###..## ### ####.## ##......#
#...#.# ##..##.# # #.#..##
#.....# # #.#.#### #####.# #
..#....#### #.#


You could see a gnoll.

Vanquished Creatures
  Jessica (D:2)
  2 gnolls (D:3)
  4 adders
  2 oozes
  A worm (D:3)
  3 dart slugs
  7 bats
  A giant cockroach (D:2)
  7 goblins
  7 hobgoblins
  2 jackals (D:3)
  A quokka (D:3)
  5 giant newts
  7 kobolds
  9 rats
59 creatures vanquished.

Notes
Turn   | Place    | Note
--------------------------------------------------------------
     0 | D:1      | Ratboiler the Kobold Wanderer began the quest for the Orb.
     0 | D:1      | Ratboiler set off with: a +2 spear, a scroll of teleportation, a potion of curing, a +0 robe, a +0 dagger, a meat ration
     0 | D:1      | Reached XP level 1. HP: 12/12 MP: 1/1
   247 | D:1      | Reached skill level 2 in Short Blades
   279 | D:1      | Reached XP level 2. HP: 16/16 MP: 2/2
   721 | D:2      | Reached skill level 3 in Short Blades
   806 | D:2      | Reached XP level 3. HP: 15/20 MP: 3/3
  1086 | D:2      | Reached skill level 4 in Short Blades
  1150 | D:2      | Found a snail-covered altar of Cheibriados.
  1217 | D:2      | Noticed Jessica
  1249 | D:2      | Killed Jessica
  1249 | D:2      | Reached skill level 5 in Short Blades
  1249 | D:2      | Reached XP level 4. HP: 25/25 MP: 4/4
  1345 | D:2      | Found an oddly glowing altar of Pakellas.
  2011 | D:3      | Reached XP level 5. HP: 27/29 MP: 5/5
  2246 | D:3      | Found a white marble altar of Elyvilon.
  2270 | D:3      | Reached skill level 6 in Short Blades
  2610 | D:3      | Found a sparkling altar of Nemelex Xobeh.
  2842 | D:4      | Noticed a phantom
  2964 | D:3      | Slain by a gnoll

Vault maps used:
D:1:      mrwooster_arrival_arrow, minmay_door_square
D:2:      nicolae_overflow_hidden_temple, kennysheep_slug_shrine, uniq_jessica
D:3:      old_standard_altar, first_bread, nemelex_lonely_heart_becter,
          uniq_crazy_yiuf_cottage
D:4:      nemelex_deck, portal_sewer_entry_b, vehumet_altar_wand_db

Skill      XL: |  1  2  3  4  5 |
---------------+----------------+-----
Short Blades   | 2 3 5 6 |  6.5
Fighting       | |  1.1
Polearms       | |  2.4
Stealth        | |  5.5
Evocations     | |  1.2

Action                   |  1- 3 |  4- 6 || total
-------------------------+-------+-------++-------
Melee: Spear             |     4 |       ||     4
       Short sword       |    66 |   161 ||   227
  Use: Scroll            |       |     4 ||     4
       Potion            |       |     2 ||     2
 Stab: Sleeping          |    10 |     5 ||    15
  Eat: Chunk             |     9 |     6 ||    15
Armor: Robe              |     2 |       ||     2
       Ring mail         |    16 |    43 ||    59
       Skin              |       |    14 ||    14
Dodge: Dodged            |    41 |    65 ||   106
